 Dungeon Crawl Stone Soup version 0.22.1-2-g9c5b331 (webtiles) character file.

2597 JustSomeDude the Sneak (level 9, -1/67 HPs)
             Began as a Demonspawn Assassin on Dec 29, 2018.
             Was a Believer of Dithmenos.
             Blown up by an orc (9 damage)
             ... with a wand of disintegration (13)
             ... on level 7 of the Dungeon.
             The game lasted 00:36:13 (6442 turns).

JustSomeDude the Sneak (Demonspawn Assassin)        Turns: 6442, Time: 00:36:13

Health: -1/67      AC:  6    Str: 11    XL:     9   Next: 33%
Magic:  0/9        EV: 17    Int: 12    God:    Dithmenos [**....]
Gold:   320        SH:  0    Dex: 19    Spells: 8/8 levels left

rFire    . . .     SeeInvis .   t - +2 dagger (venom)
rCold    . . .     Gourm    .   (no shield)
rNeg     . . .     Faith    .   u - +0 leather armour
rPois    .         Spirit   +   (helmet restricted)
rElec    .         Reflect  .   d - +0 cloak
rCorr    .         Harm     .   p - +0 pair of gloves
MR       .....                  q - +0 pair of boots
Stlth    +++++.....             (no amulet)
HPRegen  0.21/turn              (no ring)
MPRegen  0.11/turn              (no ring)

@: hasted, wreathed by umbra, very quick
A: antennae 1, repulsion field 1, magic shield
a: Shadow Step, Renounce Religion


You were on level 7 of the Dungeon.
You worshipped Dithmenos.
Dithmenos was pleased with you.
You were not hungry.

You visited 2 branches of the dungeon, and saw 9 of its levels.

You collected 320 gold pieces.

Inventory:

Hand Weapons
 a - a +2 dagger
 b - a +0 blowgun
 k - a +2 dagger of freezing
 t - a +2 dagger of venom (weapon)
Missiles
 e - 39 poisoned needles
 f - 7 curare-tipped needles
Armour
 d - a +0 cloak (worn)
 p - a +0 pair of gloves (worn)
 q - a +0 pair of boots (worn)
 u - a +0 leather armour (worn)
Jewellery
 i - an uncursed ring of see invisible {unknown}
 v - an uncursed amulet of the gourmand
 x - a cursed ring of attention
Scrolls
 h - 3 scrolls of remove curse
 l - 4 scrolls of identify
 r - a scroll of random uselessness {unknown}
 s - 3 scrolls of enchant armour {unknown}
 y - a scroll of magic mapping
 C - a scroll of enchant weapon {unknown}
 D - a scroll of amnesia {unknown}
 E - a scroll of teleportation
Potions
 c - a potion of haste
 m - a potion of agility
 n - 3 potions of resistance
 o - 2 potions of flight {unknown}
 w - a potion of mutation {unknown}
 z - a potion of magic {unknown}
 A - 3 potions of curing {unknown}
 B - a potion of might {unknown}
Comestibles
 g - 8 rations
 j - 20 chunks of flesh


   Skills:
 + Level 4.9 Fighting
 + Level 6.6 Short Blades
 + Level 2.2 Throwing
 + Level 3.4 Armour
 + Level 4.6 Dodging
 + Level 7.7 Stealth


You had 8 spell levels left.
You didn't know any spells.
Your spell library was empty.

Dungeon Overview and Level Annotations

Branches:
Dungeon (8/15)             Temple (1/1) D:7
   Lair: D:8-11

Altars:
Ashenzari
Cheibriados
Dithmenos
Elyvilon
Fedhas
Gozag
Hepliaklqana
Kikubaaqudgha
Makhleb
Nemelex Xobeh
Okawaru
Ru
Sif Muna
Trog
Uskayaw
Vehumet
Wu Jian
Xom
Yredelemnul
Zin
The Shining One

Shops:
D:5 }

Annotations:
D:6 Sigmund
D:7 1 runed door


Innate Abilities, Weirdness & Mutations

You have a pair of small antennae on your head.
You are surrounded by a mild repulsion field. (EV +2)
When hurt, damage is shared between your health and your magic reserves.


Message History

You feel sick.
You are no longer poisoned.
There is an escape hatch in the floor here.
You hit the ogre.
The ogre is poisoned.
The ogre is lightly wounded.
The orc wizard mumbles some strange words.
The orc wizard seems to speed up.
The ogre hits you with a giant club!!
* * * LOW HITPOINT WARNING * * *
The orc misses you. The orc barely misses you. The ogre misses you.
The orc wizard mumbles some strange words.
The orc wizard blinks!
You slide downwards.
The hatch slams shut behind you.
Level annotation: 1 runed door A sky beast comes into view.
You feel yourself speed up.
The ogre looks more healthy.
Found a thin glowing staff.
The orc zaps a wand.
You are blasted!
You die...

.....#..#.........##♣♣♣##.#.....
..Y ###..........#♣...♣#..#[...
. ##..........#♣.>..'.......
#...o.......#♣...♣#.......
#...O...##..##♣♣♣##.......
#........#...#####.....###
....#.......#............[.##
.....#.......#.....######.>..#
.....#......#@.....#####......
######......#.................
#....|##..............#.#
.......##....#.........#..
#.......##....#...........#
#.......##....#############
#...#.........# ...#.........#
....... #


You could see an ogre and an orc.

Vanquished Creatures
  Prince Ribbit (D:6)
  A hungry ghost (D:7)
  Eustachio (D:6)
  2 orc warriors
  A sky beast (D:7)
  An ice beast (D:8)
  2 ogres
  A centaur (D:6)
  Blork the orc (D:6)
  A big kobold (D:8)
  2 scorpions (D:6)
  A water moccasin skeleton (D:4)
  A howler monkey (D:5)
  2 crimson imps (D:5)
  2 hounds (D:4)
  2 jellies
  A centaur skeleton (D:6)
  3 orc priests
  A gnoll shaman (D:6)
  11 orc wizards
  An iguana (D:6)
  A bullfrog skeleton (D:5)
  Natasha (thrice) (D:3)
  5 worker ants
  A hound zombie (D:6)
  A hound skeleton (D:2)
  Robin (D:2)
  8 adders
  A howler monkey skeleton (D:4)
  5 gnolls (D:6)
  An ooze (D:1)
  2 adder zombies (D:2)
  3 adder skeletons (D:4)
  A worm (D:5)
  3 dart slugs
  5 leopard geckos
  21 orcs
  A bat skeleton (D:2)
  2 giant cockroaches
  13 hobgoblins
  12 jackals
  4 kobolds
  3 quokkas
  2 ball pythons
  A ball python zombie (D:2)
  3 bats (D:3)
  4 frilled lizards
  2 giant cockroach zombies (D:2)
  7 goblins
  A jackal zombie (D:2)
  A leopard gecko skeleton (D:4)
  6 rats
163 creatures vanquished.

Vanquished Creatures (others)
  A quokka (D:3)
  3 plants (D:8)
  4 toadstools (D:1)
8 creatures vanquished.

Grand Total: 171 creatures vanquished

Notes
Turn   | Place    | Note
-------+----------+-------------------------------------------
     0 | D:1      | JustSomeDude the Demonspawn Assassin began the quest for
                  | the Orb.
     0 | D:1      | Reached XP level 1. HP: 16/16 MP: 1/1
   135 | D:1      | Gained mutation: When hurt, damage is shared between your
                  | health and your magic reserves. [demonic ancestry]
   135 | D:1      | Reached XP level 2. HP: 18/22 MP: 2/2
   186 | D:2      | Reached skill level 4 in Stealth
   287 | D:2      | Reached skill level 1 in Dodging
   287 | D:2      | Reached XP level 3. HP: 12/27 MP: 1/3
   523 | D:2      | Noticed Robin
   544 | D:2      | Killed Robin
  1000 | D:2      | Noticed an ogre
  1024 | D:3      | Reached XP level 4. HP: 21/34 MP: 2/4
  1173 | D:3      | Found a white marble altar of Elyvilon.
  1701 | D:3      | Noticed Natasha
  1713 | D:3      | Killed Natasha
  2116 | D:5      | Entered Level 5 of the Dungeon
  2116 | D:5      | Noticed a centaur
  2116 | D:5      | Noticed an ice beast
  2133 | D:4      | Gained mutation: You are surrounded by a mild repulsion
                  | field. (EV +2) [demonic ancestry]
  2133 | D:4      | Reached XP level 5. HP: 39/39 MP: 5/5
  2322 | D:5      | Reached skill level 5 in Stealth
  2358 | D:4      | Reached XP level 6. HP: 45/46 MP: 6/6
  2582 | D:5      | Reached skill level 1 in Armour
  2689 | D:5      | Found a glowing golden altar of the Shining One.
  2707 | D:5      | Found Uskavaeh's Gadget Shop.
  2762 | D:6      | Gained mutation: You have a pair of small antennae on your
                  | head. [demonic ancestry]
  2762 | D:6      | Reached XP level 7. HP: 50/52 MP: 7/7
  2879 | D:7      | Noticed a hungry ghost
  2928 | D:7      | Killed a hungry ghost
  2928 | D:7      | Reached skill level 6 in Stealth
  3101 | D:8      | Noticed a dream sheep
  3101 | D:8      | Noticed a yak
  3101 | D:8      | Noticed a dream sheep
  3102 | D:8      | Noticed a yak
  3109 | D:8      | Reached XP level 8. HP: 15/60 MP: 4/8
  3154 | D:8      | Noticed a two-headed ogre
  3366 | D:8      | Reached skill level 5 in Short Blades
  3847 | D:7      | Found a staircase to the Ecumenical Temple.
  3890 | D:7      | Found a runed door.
  3940 | Temple   | Entered the Ecumenical Temple
  3950 | Temple   | Became a worshipper of Dithmenos the Shadowed
  4527 | D:3      | Noticed Natasha
  4538 | D:3      | Killed Natasha
  5399 | D:3      | Noticed Natasha
  5410 | D:3      | Killed Natasha
  5483 | D:4      | Reached * piety under Dithmenos
  6092 | D:6      | Noticed Sigmund
  6160 | D:6      | Noticed Prince Ribbit
  6167 | D:6      | Killed Prince Ribbit
  6167 | D:6      | Reached skill level 7 in Stealth
  6199 | D:6      | Reached XP level 9. HP: 65/66 MP: 9/9
  6208 | D:6      | Noticed Eustachio
  6212 | D:6      | Killed Eustachio
  6337 | D:6      | Noticed Blork the orc
  6341 | D:6      | Killed Blork the orc
  6387 | D:6      | Reached ** piety under Dithmenos
  6442 | D:7      | Blown up by an orc

Skill      XL: |  1  2  3  4  5  6  7  8 |
---------------+-------------------------+-----
Short Blades   | 2 3 4 6 |  6.6
Stealth        | 4 5 6 7 |  7.7
Dodging        | 1 2 3 4 |  4.6
Throwing       | 2 |  2.2
Fighting       | 3 4 |  4.9
Armour         | 1 2 3 |  3.4

Action                   |  1- 3 |  4- 6 |  7- 9 || total
-------------------------+-------+-------+-------++-------
Melee: Dagger            |   116 |   182 |   372 ||   670
 Fire: Blowgun           |       |     1 |     3 ||     4
  Use: Potion            |     2 |     1 |     3 ||     6
       Scroll            |       |     5 |     3 ||     8
 Stab: Sleeping          |     1 |    11 |    22 ||    34
       Distracted        |       |     1 |       ||     1
  Eat: Chunk             |       |     6 |    10 ||    16
       Ration            |       |       |     1 ||     1
Armor: Robe              |    22 |     7 |       ||    29
       Leather armour    |       |    30 |    39 ||    69
Dodge: Dodged            |    69 |    92 |   187 ||   348
